 Dungeon Crawl Stone Soup version 0.25.0 (webtiles) character file.

Game seed: 16320867886028901972

632705 Froggeryz the Axe Maniac (level 27, -24/300 HPs)
             Began as a Minotaur Berserker on June 12, 2020.
             Was the Champion of Trog.
             Killed from afar by Gucsoace the pandemonium lord (28 damage)
             ... with a chain lightning
             ... on level 2 of the Depths.
             The game lasted 01:32:49 (63109 turns).

Froggeryz the Axe Maniac (Minotaur Berserker)      Turns: 63109, Time: 01:32:50

Health: -24/300    AC: 33    Str: 33    XL:     27
Magic:  21/28      EV: 26    Int:  5    God:    Trog [******]
Gold:   4890       SH: 26    Dex: 20    Spells: 26/26 levels left

rFire    + + +     SeeInvis .   X - +9 broad axe (vorpal)
rCold    + + .     Gourm    .   D - +2 kite shield {rC+}
rNeg     + . .     Faith    .   U - +7 plate armour of Old and Reckless {rPois rF+}
rPois    +         Spirit   .   s - +2 hat {Int+3}
rElec    .         Reflect  +   u - scarf {rC+ rF+}
rCorr    .         Harm     .   i - +2 pair of gloves {archery}
MR       ++...     Clarity  +   (no boots)
Stlth    ..........             h - amulet of reflection
HPRegen  0.60/turn              O - ring "Ixkaekk" {rN+ Str+7 Int-3 Slay+5 Stlth-}
MPRegen  0.21/turn              J - ring of protection from fire

@: no status effects
A: retaliatory headbutt, horns 2, clarity, deterioration 1, robust 1, strong 1
0: Orb of Zot
}: 3/15 runes: serpentine, barnacled, silver
a: Berserk, Trog's Hand, Brothers in Arms, Renounce Religion


You were on level 2 of the Depths.
You worshipped Trog.
Trog was exalted by your worship.
You were full.

You visited 8 branches of the dungeon, and saw 46 of its levels.
You visited the Abyss 2 times.
You also visited: Bailey.

You collected 7270 gold pieces.
You spent 2380 gold pieces at shops.

Inventory:

Hand Weapons
 N - the +2 broad axe "Fuoptis" {vorpal, rElec rF+ Int+4}
   (Trog gifted it to you on level 4 of the Lair of Beasts)

   It inflicts extra damage upon your enemies.
   It affects your intelligence (+4).
   It protects you from fire.
   It insulates you from electricity.
 X - a +9 vorpal broad axe (weapon)
Missiles
 o - 15 throwing nets (quivered)
 T - 29 curare-tipped darts
Armour
 i - a +2 pair of gloves of archery (worn)
 s - a +2 hat of intelligence (worn)
 u - a scarf of resistance (worn)
 D - a +2 kite shield of cold resistance (worn)
 U - the +7 plate armour of Old and Reckless (worn) {rPois rF+}
   (You bought it in a shop on level 2 of the Orcish Mines)

   It protects you from fire.
   It protects you from poison.
Jewellery
 a - a +4 ring of protection {unknown}
 h - an amulet of reflection (around neck)
 w - an uncursed ring of fire
 J - a ring of protection from fire (right hand)
 K - a +4 ring of evasion {unknown}
 O - the ring "Ixkaekk" (left hand) {rN+ Str+7 Int-3 Slay+5 Stlth-}
   (You bought it in a shop on level 6 of the Dungeon)

   [ring of attention]

   It affects your strength (+7).
   It affects your intelligence (-3).
   It affects your accuracy and damage with ranged weapons and melee attacks
   (+5).
   It protects you from negative energy.
   It makes you less stealthy.
 R - an uncursed ring of protection from magic
 V - the ring of the Final Seas {rC+ rCorr Str+3}
   (You found it on level 12 of the Dungeon)

   [ring of resist corrosion]

   It affects your strength (+3).
   It protects you from cold.
   It provides partial protection from all sources of acid and corrosion.
 W - an uncursed ring of see invisible
Wands
 f - a wand of clouds (6)
 j - a wand of acid (12)
 k - a wand of iceblast (37)
 P - a wand of digging (4)
Scrolls
 e - 4 scrolls of fog
 l - 2 scrolls of enchant weapon
 m - 4 scrolls of identify
 n - 13 scrolls of teleportation
 p - 6 scrolls of blinking
 v - 6 scrolls of magic mapping
 y - 17 scrolls of remove curse
 C - 8 scrolls of fear
 E - 2 scrolls of enchant armour
 H - a scroll of holy word
 I - a scroll of silence
 Q - a scroll of brand weapon
Potions
 b - a potion of might
 d - 8 potions of lignification
 r - 5 potions of flight
 t - 2 potions of magic
 x - 21 potions of curing
 z - 3 potions of mutation
 A - a potion of invisibility
 S - a potion of berserk rage {unknown}
Comestibles
 c - 51 rations


   Skills:
 O Level 27 Fighting
 O Level 27 Axes
 - Level 22.5 Armour
 + Level 23.8 Dodging
 + Level 22.0 Shields
 - Level 8.0 Evocations


You had 26 spell levels left.
You didn't know any spells.
Your spell library was empty.

Dungeon Overview and Level Annotations

Branches:
Dungeon (15/15)            Temple (0/1) D:5            Lair (6/6) D:11
 Shoals (4/4) Lair:3        Snake (4/4) Lair:2        Slime (0/5) Lair:6
    Orc (2/2) D:11            Elf (0/3) Orc:2        Vaults (5/5) D:14
  Crypt (0/3) Vaults:3     Depths (5/5) D:15            Zot (5/5) Depths:5
 Bailey (visited)

Altars:
Ashenzari
Gozag
Kikubaaqudgha
Ru
Vehumet
Xom
Beogh

Shops:
D:4 *   D:6 =   D:10 *   D:14 }   D:15 (   Orc:2 }*[?   Snake:4 %(   Vaults:1 [
Vaults:4 =   Vaults:5 ?%:}

Portals:
Hell: Depths:2 Depths:5
Abyss: Depths:2 Depths:5
Pandemonium: Orc:2 Depths:3
Ziggurat: Depths:3

Annotations:
Vaults:2 exclusion: obsidian statue
Depths:4 1 runed translucent door, releu's ghost, veteran TrWr
Depths:5 exclusion: door


Innate Abilities, Weirdness & Mutations

You reflexively headbutt those who attack you in melee.
You have a pair of horns on your head.
You possess an exceptional clarity of mind.
Your body sometimes deteriorates upon taking damage.
You are robust. (+10% HP)
Your muscles are strong. (Str +2)


Message History

The lightning arc hits Gucsoace but does no damage.
The lightning arc hits you!
* * * LOW HITPOINT WARNING * * *
The lightning arc hits the Orb Guardian!!
Unknown command.
Unknown command.
You slash the Orb Guardian!
You kill the Orb Guardian!
Trog accepts your kill.
You slice the sixfirhy!!
Gucsoace gestures.
You hear a mighty clap of thunder!
The lightning arc hits you!!!
* * * LOW HITPOINT WARNING * * *
The lightning arc hits the sixfirhy.
The sixfirhy completely resists.
The lightning arc hits you!
* * * LOW HITPOINT WARNING * * *
The lightning arc hits the sixfirhy.
The sixfirhy completely resists.
The lightning arc hits you!!
You die...

##......##.#.#.##......
#...#..##.....#'[[....
##.....##.##...#[#....
#.#.#.#..#.#.#'#..#..
#.....##..##..###....
##..#..##.....###'#'#.
##......####.####.#.###
#........#######......#
##.....@3......##.##..#'
#..###.###.##..##..#...#
#..#.&......##.##..##.#'
#..#.#####...#.##......#
##...#....#....#########
#..#.#.#.#)#.#..########
##.#.#.....#.#..........
#..#.#.#.#.#.#...#.....#
##.#..#....#.......#...#


You could see Gucsoace and a sixfirhy.

Vanquished Creatures
  4 orbs of fire
  Mara (Snake:3)
  7 ancient liches
  Boris (Vaults:4)
  2 Killer Klowns (Zot:5)
  A curse toe (Zot:3)
  A caustic shrike (Zot:5)
  Nikola (Snake:3)
  5 golden dragons
  Jory (Vaults:4)
  A bone dragon (Depths:5)
  2 electric golems (Zot:5)
  Jorgrun (Snake:3)
  A Brimstone Fiend (Depths:5)
  13 tentacled monstrosities
  2 liches
  6 titans
  24 Orb Guardians
  10 quicksilver dragons
  2 sphinxes
  14 death cobs
  3 tentacled starspawn
  8 acid blobs (Zot:3)
  An Executioner (Depths:3)
  9 tengu reavers
  A kraken (Shoals:4)
  12 shadow dragons
  16 storm dragons
  Roxanne (Snake:1)
  8 draconian monks
  Donald (Orc:2)
  8 fire giants
  8 nagarajas
  8 frost giants
  A fire giant (shapeshifter) (Vaults:4)
  14 vault wardens
  2 ghost moths
  An iron dragon (Depths:2)
  A cacodemon (Abyss:4)
  An orc warlord (Vaults:4)
  Louise (Shoals:2)
  5 draconian stormcallers
  2 deep elf elementalists
  7 draconian scorchers
  Aizul (Snake:1)
  8 draconian knights
  15 ironheart preservers
  5 draconian shifters
  6 draconian annihilators
  23 stone giants
  A war gargoyle (Vaults:2)
  The ghost of Ytheofip the Cleaver, a journeyman FoFi of Okawaru (D:14)
  17 very ugly things
  An entropy weaver (Vaults:4)
  The ghost of brob1 the Fighter, a journeyman DrTm of Dithmenos (Lair:5)
  7 black draconians
  A vampire knight (Depths:4)
  9 purple draconians
  11 white draconians
  11 red draconians
  14 green draconians
  A deep elf demonologist (Vaults:5)
  22 yellow draconians
  An eidolon (Vaults:3)
  6 spark wasps
  16 ettins
  5 deep elf death magi
  A merfolk javelineer (Shoals:4)
  7 merfolk impalers
  5 jiangshi
  A deep elf high priest (Depths:5)
  14 yaktaur captains
  Fannar (D:10)
  16 fire dragons
  9 great orbs of eyes
  40 vault guards
  9 rakshasas
  Harold (D:7)
  16 ogre magi
  7 hydras
  11 naga warriors
  10 ice dragons
  5 catoblepae
  3 merfolk avatars (Shoals:4)
  2 spriggan air magi
  14 centaur warriors
  4 merfolk aquamancers (Shoals:4)
  8 anacondas
  2 death knights
  A satyr (Shoals:4)
  2 alligator snapping turtles (Shoals:4)
  61 two-headed ogres
  13 deep troll shamans
  6 tengu warriors
  3 vampire magi
  18 death yaks
  4 thrashing horrors (Abyss:5)
  3 hell hogs (Abyss:5)
  8 spriggan berserkers
  8 orc high priests (Orc:2)
  11 naga sharpshooters
  12 shock serpents
  10 deep troll earth magi
  The ghost of Pagrim the Protected, a novice GrFi of Qazlal (D:11)
  A sun demon (Orc:2)
  4 deep elf knights
  3 wretched stars
  10 skeletal warriors
  A death drake (Abyss:5)
  4 iron trolls
  2 fire crabs (shapeshifter)
  3 salamander mystics
  12 sea snakes
  4 flayed ghosts
  8 hell knights
  2 gelid demonspawn (Orc:2)
  8 unseen horrors
  7 wizards
  3 spatial maelstroms (Abyss:5)
  2 unseen horrors (shapeshifter)
  4 glowing orange brains
  10 naga ritualists
  3 deep elf archers
  38 deep trolls
  An infernal demonspawn (Orc:2)
  17 ironbrand convokers
  The ghost of releu the Grappler, a novice TrWr of Nemelex Xobeh (D:7)
  A glowing orange brain (shapeshifter) (D:12)
  21 orc knights
  Pikel (D:7)
  9 harpies
  A lindwurm (shapeshifter) (Vaults:5)
  3 phantasmal warriors
  9 mana vipers
  6 necromancers
  An orb spider (shapeshifter) (Vaults:4)
  5 deep elf magi
  An oklob plant (D:11)
  8 cyclopes
  10 manticores
  A mana viper (shapeshifter) (Depths:5)
  4 orc sorcerers (Orc:2)
  A lindwurm (Lair:4)
  A tengu skeleton (Vaults:3)
  A manticore (shapeshifter) (Vaults:4)
  12 fauns
  27 moths of wrath
  43 ugly things
  A wolf spider zombie (D:15)
  2 salamanders (shapeshifter)
  13 salamanders
  4 centaur zombies
  6 wolf spiders
  Maurice (Orc:2)
  A rust devil (Orc:2)
  Psyche (D:8)
  46 black mambas
  5 merfolk sirens
  An apocalypse crab (Abyss:5)
  3 guardian serpents (Snake:3)
  4 water nymphs
  3 spiny frogs (shapeshifter)
  25 naga magi
  A hellion (Abyss:5)
  A torpor snail (shapeshifter) (Depths:1)
  25 vault sentinels
  12 spiny frogs
  2 kobold demonologists (Bailey)
  A torpor snail (Lair:4)
  A rime drake (shapeshifter) (Depths:2)
  2 rime drakes
  An orange demon (Abyss:4)
  2 efreet
  6 tengu conjurers
  7 komodo dragons
  38 yaktaurs
  A demonic crawler (Zot:5)
  3 freezing wraiths
  4 ancient zymes (Abyss:5)
  A yaktaur skeleton (Vaults:3)
  2 hellwings (Orc:2)
  A red devil (Orc:2)
  6 trolls
  6 wind drakes (Shoals:4)
  A meliai (shapeshifter) (Vaults:5)
  38 merfolk
  A wolf spider simulacrum (D:15)
  8 large abominations
  13 hornets
  4 dream sheep (Lair:6)
  2 hornets (shapeshifter)
  32 blink frogs
  18 hippogriffs
  A raiju (shapeshifter) (Depths:4)
  26 slime creatures
  2 small abominations
  A fire dragon zombie (Depths:1)
  3 raiju (Abyss:5)
  5 snapping turtles
  A spriggan skeleton (Depths:1)
  A shadow (D:12)
  A spriggan (shapeshifter) (Vaults:5)
  A ynoxinul (Abyss:5)
  11 spriggans
  A tarantella (shapeshifter) (Depths:2)
  2 basilisks (Lair:6)
  An ettin skeleton (Depths:1)
  9 water elementals
  An ice dragon skeleton (Depths:1)
  7 wraiths
  4 wyverns
  60 yaks
  A chaos spawn (Abyss:4)
  Grum (D:8)
  An elf simulacrum (Depths:1)
  A golden eye (shapeshifter) (D:14)
  A neqoxec (Zot:3)
  A steam dragon (shapeshifter) (Vaults:2)
  4 vampire mosquitoes (D:14)
  A hungry ghost (D:14)
  A steam dragon (Lair:5)
  29 nagas
  3 spatial vortices (Abyss:5)
  A soldier ant (shapeshifter) (Depths:4)
  A swamp worm (shapeshifter) (Vaults:5)
  5 wargs
  A soldier ant (D:12)
  6 acid dragons
  11 water moccasins
  9 porcupines
  2 swamp drakes (Lair:5)
  3 floating eyes
  51 orc warriors
  2 phantoms
  A black bear (D:11)
  An eye of draining (D:13)
  3 ice beasts
  3 slaves (D:7)
  2 necrophages
  3 sky beasts
  4 boggarts (Vaults:1)
  50 ogres
  A human skeleton (Vaults:3)
  53 wolves
  14 centaurs
  4 crocodiles
  2 big kobolds
  A bullfrog (shapeshifter) (Depths:3)
  16 bullfrogs
  An earth elemental (Abyss:5)
  A wyvern zombie (D:12)
  5 gnoll sergeants
  A water moccasin zombie (D:5)
  4 scorpions
  A wyvern skeleton (D:11)
  An orc simulacrum (Vaults:1)
  6 killer bees (D:11)
  11 wights
  5 howler monkeys
  10 electric eels
  7 crimson imps
  3 quasits
  21 jellies
  27 orc priests
  10 hounds
  2 bullfrog zombies
  5 centaur skeletons
  Crazy Yiuf (D:4)
  3 bullfrog skeletons
  An iron imp (Abyss:4)
  4 iguanas
  14 orc wizards
  10 worker ants
  2 hound zombies
  A worker ant zombie (D:6)
  14 gnolls
  16 adders
  3 shadow imps
  7 oozes
  2 adder skeletons
  2 worms
  3 dart slugs
  4 leopard geckos
  87 orcs
  6 giant cockroaches
  14 goblins
  15 hobgoblins
  14 jackals
  3 quokkas
  3 ball pythons
  9 bats
  3 frilled lizards
  A giant cockroach zombie (D:5)
  10 kobolds
  A quokka zombie (D:10)
  8 rats
  4 fungi
  15 plants
  2 starspawn tentacles (Abyss:5)
  3 tentacles (Shoals:4)
2257 creatures vanquished.

Vanquished Creatures (collateral kills)
  An ancient lich (Vaults:5)
  A fire giant (Vaults:5)
  A vault warden (Vaults:5)
  A stone giant (Vaults:5)
  A deep elf mage (Vaults:5)
  A yaktaur (Vaults:5)
  An orc (Vaults:5)
7 creatures vanquished.

Vanquished Creatures (others)
  A lich (Depths:2)
  A death cob (Zot:5)
  A deep elf sorcerer (Depths:4)
  An ettin (Depths:3)
  A vampire mage (Depths:3)
  Sonja (Orc:2)
  2 ogres
  A boggart (Vaults:1)
  A jelly (Zot:3)
  An orc wizard (Orc:1)
  A fungus (Lair:6)
  25 plants
  4 starspawn tentacles
  5 tentacles (Shoals:4)
  2 withered plants (D:7)
48 creatures vanquished.

Grand Total: 2312 creatures vanquished

Notes
Turn   | Place    | Note
-------+----------+-------------------------------------------
     0 | D:1      | Froggeryz the Minotaur Berserker began the quest for the
                  | Orb.
     0 | D:1      | Reached XP level 1. HP: 19/19 MP: 0/0
   132 | D:1      | Reached XP level 2. HP: 21/26 MP: 1/1
   230 | D:1      | You fall into a shaft and drop 1 floor!
   326 | D:1      | Reached skill level 1 in Shields
   354 | D:1      | Reached XP level 3. HP: 15/31 MP: 2/2
   786 | D:2      | Found a shimmering altar of Xom.
   795 | D:2      | Reached skill level 5 in Axes
   841 | D:2      | Reached ** piety under Trog
  1252 | D:2      | Reached XP level 4. HP: 39/39 MP: 3/3
  2195 | D:3      | Reached XP level 5. HP: 45/45 MP: 4/4
  3306 | D:4      | Found a runed translucent door.
  3307 | D:4      | Noticed Crazy Yiuf
  3315 | D:4      | Killed Crazy Yiuf
  3315 | D:4      | Reached *** piety under Trog
  3315 | D:4      | Reached XP level 6. HP: 21/51 MP: 5/5
  3583 | D:4      | Found Saimejig's Assorted Antiques.
  3591 | D:4      | Reached skill level 5 in Shields
  3703 | D:4      | Bought a scroll labeled UTOF PIRRAA for 23 gold pieces
  4127 | D:5      | Entered Level 5 of the Dungeon
  4372 | D:5      | Reached XP level 7. HP: 14/57 MP: 6/6
  4600 | D:5      | Found a staircase to the Ecumenical Temple.
  5750 | D:5      | Found a shattered altar of Ashenzari.
  5870 | D:5      | Found a sacrificial altar of Ru.
  5903 | D:6      | Reached XP level 8. HP: 67/67 MP: 7/7
  5907 | D:6      | Reached skill level 5 in Fighting
  5911 | D:6      | Reached **** piety under Trog
  6131 | D:6      | Reached skill level 5 in Dodging
  6858 | D:6      | Found Pauqauhi's Jewellery Emporium.
  7224 | D:7      | Noticed Harold
  7248 | D:7      | Killed Harold
  7248 | D:7      | Reached skill level 10 in Axes
  7248 | D:7      | Reached XP level 9. HP: 51/79 MP: 8/8
  8003 | D:7      | Found a runed translucent door.
  8003 | D:7      | Noticed releu's ghost (novice TrWr)
  8176 | D:7      | Noticed Pikel
  8188 | D:7      | Killed Pikel
  8402 | D:7      | Killed releu's ghost
  8402 | D:7      | Reached XP level 10. HP: 88/88 MP: 9/9
  8453 | D:7      | Got an obsidian-encrusted scale mail
  8454 | D:7      | Identified the +5 scale mail "Moroixt" {Dex+5} (You found
                  | it on level 7 of the Dungeon)
  8713 | D:8      | Noticed a two-headed ogre
  8720 | D:8      | Killed a two-headed ogre
  8720 | D:8      | Reached skill level 5 in Armour
  8721 | D:8      | Noticed Grum
  8723 | D:8      | Noticed a manticore
  8733 | D:8      | Killed Grum
  8736 | D:8      | Killed a manticore
  8932 | D:8      | Noticed Psyche
  8939 | D:8      | Killed Psyche
  9132 | D:8      | Reached ***** piety under Trog
  9288 | D:8      | Noticed a two-headed ogre
  9296 | D:8      | Killed a two-headed ogre
  9350 | D:9      | Received a gift from Trog
  9560 | D:9      | Reached XP level 11. HP: 99/99 MP: 10/10
  9688 | D:9      | Reached skill level 10 in Fighting
 10216 | D:10     | Entered Level 10 of the Dungeon
 10346 | D:10     | Found Upoi's Serpentskin Sales.
 10656 | D:10     | Noticed Fannar
 10667 | D:10     | Killed Fannar
 11274 | D:11     | Found a staircase to the Lair.
 11274 | D:11     | Noticed an oklob plant
 11360 | D:11     | Killed an oklob plant
 11423 | D:11     | Reached skill level 15 in Axes
 12017 | D:11     | Noticed a purple ugly thing
 12025 | D:11     | Killed a purple ugly thing
 12148 | D:11     | Found a staircase to the Orcish Mines.
 12321 | D:11     | Found a runed translucent door.
 12321 | D:11     | Noticed Pagrim's ghost (novice GrFi)
 12322 | D:11     | Found the +2 robe of Vines {NoPotionHeal Regen+7}
 12789 | D:11     | Noticed a two-headed ogre
 12799 | D:11     | Killed a two-headed ogre
 12799 | D:11     | Reached XP level 12. HP: 90/112 MP: 11/11
 13315 | D:11     | Killed Pagrim's ghost
 13352 | Lair:1   | Entered Level 1 of the Lair of Beasts
 13554 | Lair:1   | Received a gift from Trog
 14591 | Lair:2   | Found a staircase to the Snake Pit.
 16352 | Lair:3   | Reached XP level 13. HP: 108/118 MP: 12/12
 16863 | Lair:3   | Reached skill level 10 in Armour
 16868 | Lair:3   | Received a gift from Trog
 17117 | Lair:3   | Found a staircase to the Shoals.
 17702 | Lair:4   | Reached ****** piety under Trog
 17890 | Lair:4   | Reached skill level 10 in Shields
 18135 | Lair:4   | Received a gift from Trog
 18228 | Lair:4   | Got a brightly glowing broad axe {god gift}
 18231 | Lair:4   | Identified the +2 broad axe "Fuoptis" {vorpal, rElec rF+
                  | Int+4} (Trog gifted it to you on level 4 of the Lair of
                  | Beasts)
 19304 | Lair:5   | Found a runed translucent gate.
 19310 | Lair:5   | Found a runed translucent gate.
 19313 | Lair:5   | Found a runed translucent gate.
 19427 | Lair:5   | Noticed brob1's ghost (journeyman DrTm)
 19488 | Lair:5   | Killed brob1's ghost
 19488 | Lair:5   | Reached XP level 14. HP: 100/126 MP: 13/13
 19662 | Lair:6   | Entered Level 6 of the Lair of Beasts
 19684 | Lair:6   | Found a staircase to the Slime Pits.
 20800 | Lair:6   | Received a gift from Trog
 22186 | D:6      | Bought the ring "Ixkaekk" {rN+ Str+7 Int-3 Slay+5 Stlth-}
                  | for 625 gold pieces
 22187 | D:6      | Bought an uncursed ring of protection from magic for 325
                  | gold pieces
 22320 | Orc:1    | Entered Level 1 of the Orcish Mines
 22526 | Orc:1    | Found a roughly hewn altar of Beogh.
 22723 | Orc:2    | Entered Level 2 of the Orcish Mines
 22723 | Orc:2    | Found a staircase to the Elven Halls.
 22748 | Orc:2    | Found Ecissul's General Store.
 22755 | Orc:2    | Found Wygugicwioru's Magic Scroll Emporium.
 22916 | Orc:2    | Reached XP level 15. HP: 96/139 MP: 14/14
 22921 | Orc:2    | Received a gift from Trog
 23213 | Orc:2    | Bought a +0 kite shield of reflection for 119 gold pieces
 23226 | Orc:2    | Bought a scroll of fear for 63 gold pieces
 23237 | Orc:2    | Reached skill level 15 in Fighting
 23448 | Orc:2    | Noticed Sonja
 23460 | Orc:2    | Killed Sonja
 23790 | Orc:2    | Noticed Maurice
 23792 | Orc:2    | Noticed Donald
 23805 | Orc:2    | Killed Donald
 23811 | Orc:2    | Killed Maurice
 24153 | Orc:2    | Found Gyuveih's Gadget Shop.
 24153 | Orc:2    | Found Peovve's Antique Armour Boutique.
 24153 | Orc:2    | Found a one-way gate leading to the halls of Pandemonium.
 24314 | D:12     | Reached skill level 15 in Shields
 24583 | D:12     | Found a flagged portal.
 24595 | Bailey   | Entered a bailey
 24679 | Bailey   | Found an iron altar of Okawaru.
 25359 | D:12     | Received a gift from Trog
 25398 | D:12     | Found a runed translucent door.
 25398 | D:12     | Found a runed translucent door.
 25491 | D:12     | Found a runed translucent door.
 25955 | D:12     | Found a runed translucent door.
 25955 | D:12     | Found a runed translucent door.
 25965 | D:12     | Reached skill level 1 in Evocations
 26093 | D:12     | Got a twitching turquoise ring
 26556 | Orc:2    | Bought an agate-encrusted plate armour for 700 gold pieces
 26556 | Orc:2    | Identified the +7 plate armour of Old and Reckless {rPois
                  | rF+} (You bought it in a shop on level 2 of the Orcish
                  | Mines)
 26557 | Orc:2    | Identified the ring of the Final Seas {rC+ rCorr Str+3}
                  | (You found it on level 12 of the Dungeon)
 27014 | D:13     | You fall into a shaft and drop 2 floors!
 27014 | D:15     | Entered Level 15 of the Dungeon
 27014 | D:15     | Found Zaomoisk's Antique Weapon Boutique.
 27406 | D:14     | Found Yschocsu's Gadget Shoppe.
 27824 | D:14     | Reached XP level 16. HP: 143/151 MP: 17/17
 28042 | D:14     | Found a gate to the Vaults.
 28126 | D:14     | Found a runed translucent door.
 28127 | D:14     | Noticed Ytheofip's ghost (journeyman FoFi)
 28149 | D:14     | Killed Ytheofip's ghost
 28580 | Snake:1  | Entered Level 1 of the Snake Pit
 28689 | Snake:1  | Received a gift from Trog
 28882 | Snake:1  | Reached skill level 15 in Armour
 28886 | Snake:1  | Reached skill level 5 in Evocations
 29020 | Snake:1  | Noticed Aizul
 29030 | Snake:1  | Killed Aizul
 29158 | Snake:1  | Noticed Roxanne
 29214 | Snake:1  | Killed Roxanne
 29909 | Snake:2  | Reached skill level 10 in Dodging
 30554 | Snake:3  | Noticed Mara
 30581 | Snake:3  | Noticed Froggeryz's illusion
 30582 | Snake:3  | Killed Mara
 30713 | Snake:3  | Received a gift from Trog
 30750 | Snake:3  | Reached XP level 17. HP: 148/162 MP: 17/21
 31085 | Snake:3  | Noticed Jorgrun
 31098 | Snake:3  | Killed Jorgrun
 31098 | Snake:3  | Received a gift from Trog
 31202 | Snake:3  | Noticed Nikola
 31222 | Snake:3  | Killed Nikola
 31911 | Snake:4  | Entered Level 4 of the Snake Pit
 31942 | Snake:4  | Found Bakim's Food Emporium.
 31995 | Snake:4  | Found Taapaupe's Weapon Shoppe.
 32773 | Snake:4  | Gained mutation: You possess an exceptional clarity of
                  | mind. [potion of mutation]
 32773 | Snake:4  | Gained mutation: Your muscles are strong. (Str +2) [potion
                  | of mutation]
 33665 | Snake:4  | Got a serpentine rune of Zot
 33832 | Shoals:1 | Entered Level 1 of the Shoals
 33838 | Shoals:1 | Reached XP level 18. HP: 161/173 MP: 23/23
 33968 | Shoals:2 | Noticed Louise
 33985 | Shoals:2 | Received a gift from Trog
 33998 | Shoals:2 | Killed Louise
 34565 | Shoals:4 | Entered Level 4 of the Shoals
 34957 | Shoals:4 | Received a gift from Trog
 35035 | Shoals:4 | Identified the Papyrus of Earthen Toxins
 36327 | Shoals:4 | Got a barnacled rune of Zot
 36571 | Vaults:1 | Entered Level 1 of the Vaults
 36576 | Vaults:1 | Received a gift from Trog
 36653 | Vaults:1 | Found Jacvan's Armour Emporium.
 36911 | Vaults:1 | Reached XP level 19. HP: 125/183 MP: 24/24
 36942 | Vaults:1 | Received a gift from Trog
 37751 | Vaults:1 | Found a radiant altar of Vehumet.
 38155 | Vaults:2 | Received a gift from Trog
 39281 | Vaults:2 | Received a gift from Trog
 40014 | Vaults:3 | Reached XP level 20. HP: 186/193 MP: 25/25
 40268 | Vaults:3 | Reached skill level 15 in Dodging
 40502 | Vaults:3 | Received a gift from Trog
 40963 | Vaults:3 | Found a staircase to the Crypt.
 41830 | Vaults:4 | Received a gift from Trog
 42028 | Vaults:4 | Found Kovy's Jewellery Boutique.
 42048 | Vaults:4 | Bought an uncursed ring of protection from fire for 525
                  | gold pieces
 42071 | Vaults:4 | Noticed Jory
 42084 | Vaults:4 | Killed Jory
 42458 | Vaults:4 | Noticed Boris
 42468 | Vaults:4 | Killed Boris
 42826 | Vaults:4 | Received a gift from Trog
 43587 | Vaults:5 | Entered Level 5 of the Vaults
 43591 | Vaults:5 | Reached XP level 21. HP: 185/204 MP: 26/26
 43601 | Vaults:5 | Noticed an ancient lich
 43604 | Vaults:5 | Cast into level 5 of the Abyss (an ancient lich)
 43604 | Abyss:5  | Entered Level 5 of the Abyss
 43748 | Abyss:5  | Found a roughly hewn altar of Beogh.
 43805 | Abyss:5  | Received a gift from Trog
 43832 | Abyss:5  | Paralysed by you for 6 turns
 43895 | Vaults:5 | Escaped the Abyss
 44257 | Vaults:5 | Noticed a golden dragon
 44268 | Vaults:5 | Killed a golden dragon
 44543 | Vaults:5 | Noticed an ancient lich
 44789 | Vaults:5 | Noticed an ancient lich
 44809 | Vaults:5 | Killed an ancient lich
 44809 | Vaults:5 | Received a gift from Trog
 45231 | Vaults:4 | Reached XP level 22. HP: 215/215 MP: 27/27
 45363 | Vaults:5 | Killed an ancient lich
 45368 | Vaults:5 | Killed an ancient lich
 45799 | Vaults:5 | Received a gift from Trog
 45919 | Vaults:5 | Found Ypsiuppe's Food Boutique.
 45919 | Vaults:5 | Noticed a golden dragon
 45928 | Vaults:5 | Killed a golden dragon
 45997 | Vaults:5 | Found Nefejis's Gadget Emporium.
 46004 | Vaults:5 | Found Backirph's Book Boutique.
 46371 | Vaults:5 | Found Wehes's Magic Scroll Shoppe.
 46383 | Vaults:5 | Got a silver rune of Zot
 47500 | D:15     | Found a staircase to the Depths.
 47574 | Depths:1 | Entered Level 1 of the Depths
 47597 | Depths:1 | Paralysed by an ogre mage for 4 turns
 48429 | Depths:1 | Received a gift from Trog
 48434 | Depths:1 | Reached XP level 23. HP: 193/227 MP: 28/28
 49078 | Depths:2 | Found a one-way gate to the infinite horrors of the Abyss.
 49078 | Depths:2 | Found a gateway to Hell.
 49101 | Depths:2 | Found an ancient bone altar of Kikubaaqudgha.
 49101 | Depths:2 | Found an ancient bone altar of Kikubaaqudgha.
 49102 | Depths:2 | Found an opulent altar of Gozag.
 49292 | Depths:2 | Received a gift from Trog
 49750 | Depths:2 | Identified the Guide on Spatial Companions
 50792 | Depths:4 | Received a gift from Trog
 51103 | Depths:3 | Paralysed by a floating eye for 2 turns
 51422 | Depths:3 | Reached XP level 24. HP: 143/238 MP: 28/28
 52282 | Depths:4 | Found a runed translucent door.
 52288 | Depths:4 | Noticed releu's ghost (veteran TrWr)
 52344 | Depths:4 | Received a gift from Trog
 52544 | Depths:5 | Entered Level 5 of the Depths
 53487 | Depths:5 | Received a gift from Trog
 53870 | Depths:5 | Found a gate to the Realm of Zot.
 54002 | Zot:1    | Entered Level 1 of the Realm of Zot
 54806 | Zot:1    | Reached XP level 25. HP: 237/249 MP: 28/28
 55033 | Zot:2    | Received a gift from Trog
 57624 | Zot:3    | Noticed an orb of fire
 57904 | Zot:3    | Received a gift from Trog
 58189 | Zot:3    | Gained mutation: You are robust. (+10% HP) [an orb of fire]
 58190 | Zot:3    | Killed an orb of fire
 59112 | Zot:4    | Noticed an orb of fire
 59119 | Zot:4    | Gained mutation: Your body sometimes deteriorates upon
                  | taking damage. [an orb of fire]
 59125 | Zot:4    | Killed an orb of fire
 59127 | Zot:4    | Reached XP level 26. HP: 236/287 MP: 7/28
 60294 | Zot:5    | Entered Level 5 of the Realm of Zot
 60355 | Zot:5    | Cast into level 4 of the Abyss (black draconian knight)
 60431 | Abyss:4  | Received a gift from Trog
 60572 | Zot:5    | Escaped the Abyss
 60839 | Zot:5    | Reached skill level 27 in Axes
 61519 | Zot:5    | Noticed an ancient lich
 61523 | Zot:5    | Noticed an ancient lich
 61523 | Zot:5    | Noticed an ancient lich
 61525 | Zot:5    | Noticed an orb of fire
 61535 | Zot:5    | Noticed an ancient lich
 61536 | Zot:5    | Killed an ancient lich
 61548 | Zot:5    | HP: 4/290 [acid (15)]
 61550 | Zot:5    | Noticed an orb of fire
 61553 | Zot:5    | HP: 7/290 [Orb Guardian (10)]
 62166 | Zot:5    | Killed an ancient lich
 62472 | Zot:5    | Killed an orb of fire
 62475 | Zot:5    | Reached skill level 27 in Fighting
 62487 | Zot:5    | Received a gift from Trog
 62487 | Zot:5    | Reached XP level 27. HP: 249/300 MP: 0/28
 62526 | Zot:5    | Killed an orb of fire
 62688 | Zot:5    | Noticed an ancient lich
 62701 | Zot:5    | Killed an ancient lich
 62701 | Zot:5    | Killed an ancient lich
 62704 | Zot:5    | Killed an ancient lich
 62755 | Zot:5    | Got the Orb of Zot
 62993 | Depths:4 | Noticed Nauq the pandemonium lord
 63044 | Depths:3 | Noticed Lampent the pandemonium lord
 63044 | Depths:3 | Found a gateway to a ziggurat.
 63106 | Depths:2 | Noticed Gucsoace the pandemonium lord
 63109 | Depths:2 | HP: 4/300 [Gucsoace the pandemonium lord/chain lightning
                  | (17)]
 63109 | Depths:2 | Killed from afar by Gucsoace the pandemonium lord

Illustrated notes

Levels and vault maps discovered:
D:1:      lightli_arrival_flooded_house, layout_rooms
D:2:      layout_basic, overflow_temple_1_default, roderic_three_in_a_row
D:3:      layout_loops_ring, first_ration, minmay_fountain_box
D:4:      layout_basic, serial_shops, nicolae_shop_behind_doors,
          uniq_crazy_yiuf_cottage
D:5:      layout_basic, temple_green, basic_altar, ashenzari_altar_1
D:6:      kb_forest_paths, layout_loops_ring, kennysheep_small_circle
D:7:      layout_cave_pods, gammafunk_ghost_grave, grunt_ogre_cave,
          hangedman_minor_gate_pass, uniq_pikel, uniq_harold
D:8:      layout_loops_ring, uniq_grum, uniq_psyche
D:9:      layout_grid_maze, minmay_misc_feat_roman, dk_rats_in_the_wall
D:10:     layout_gridville, guppyfry_shop_venom, uniq_fannar
D:11:     layout_stronghold, dpeg_oklobed_lair,
          kennysheep_orc_monster_closet_entryway, gammafunk_ghost_grave,
          chequers_big_river
D:12:     minmay_the_grid_triangle_9x9_rhombus_full
          [minmay_the_grid_triangle_9x9_tough_junction,
          minmay_the_grid_triangle_9x9_windchime,
          minmay_the_grid_triangle_9x9_thin_v,
          minmay_the_grid_triangle_9x9_longest,
          minmay_the_grid_triangle_9x9_from_above,
          minmay_the_grid_triangle_9x9_checkered,
          minmay_the_grid_triangle_9x9_fully_insulated_deathbox,
          minmay_the_grid_triangle_9x9_prize_top_heavy], layout_loops_ring,
          enter_bailey_6
D:13:     layout_roguey
D:14:     layout_small_grid, david_vaults_4, chequers_mini_garden,
          ebering_ghost_inner_flame, serial_shops, nicolae_shop_stone,
          nicolae_sextant, minivault_16
D:15:     grunt_enter_depths_hoard, layout_long_grid, serial_shops,
          nicolae_shop_competitors_out_of_business, serial_park_tiny_1,
          chequers_serial_rivers_micro_d
Lair:1:   layout_chaotic_city, wad_woods_road_02
Lair:2:   layout_gridlike, dummy_snake_entry, chequers_serial_rivers_room_a
Lair:3:   layout_small_grid, minmay_shoals_entry_hut, minivault_26,
          beast_lair_carwin_8, infiniplex_staircase_pool, lemuel_fruit_fields,
          lemuel_fruit_tree
Lair:4:   layout_gridlike, nicolae_volcano_entry_vermiform, ldierk_geyser,
          grunt_forest_large_clearings
Lair:5:   layout_cave_shapes, ebering_ghost_rock_garden, guppyfry_lair_drakes
Lair:6:   evilmike_catoblepas_cave, layout_hall_layers,
          nicolae_slime_entry_slimehenge, serial_bayou_crossing
Shoals:1: gammafunk_its_a_trap, layout_shoals
Shoals:2: layout_shoals, nicolae_shoals_water_elemental_grotto, uniq_ilsuiw,
          uniq_louise
Shoals:3: layout_shoals
Shoals:4: shoals_end_hangedman, layout_shoals, nicolae_shoals_wave_tunnel
Snake:1:  layout_grid_maze, uniq_roxanne, uniq_aizul
Snake:2:  layout_gridlike, serial_bayou_shore_b
Snake:3:  layout_cave_town, uniq_nikola, uniq_jorgrun, uniq_mara
Snake:4:  snake_pit, layout_misc_corridors, minmay_shoptagon, grunt_megastairs_4
Orc:1:    layout_diamond_mine, basic_altar
Orc:2:    pf_orc_diabolical, layout_diamond_mine, uniq_sonja, uniq_donald,
          uniq_maurice
Vaults:1: hangedman_vaults_corner, vaults_mumra_hex,
          nicolae_vaults_circle_grid_a, ontoclasm_vaults_chip, v_pattern_4,
          ontoclasm_vaults_eye, ontoclasm_vaults_idyll,
          nicolae_vaults_what_the_h, grunt_tower_of_power,
          nicolae_vaults_diagonal_hallway_9, layout_vaults_maze_bifur,
          serial_shops, nicolae_shop_window_shopping
Vaults:2: hangedman_vaults_corner_blocks, vaults_room_grunt_arrival_checkpoint,
          v_pattern_2, nicolae_vaults_windows_and_doors_thing,
          vaults_dpeg_doors, v_misc_19, ontoclasm_vaults_loading_screen,
          v_misc_5, nicolae_vaults_big_ls, v_misc_3,
          nicolae_vaults_specimen_jars, nicolae_vaults_statue_guard,
          nicolae_vaults_rhombus_5, vaults_room_pools, layout_vaults_big_room
Vaults:3: ontoclasm_vaults_idyll, nicolae_vaults_yaktaur_gun_rack, v_misc_10,
          v_misc_11, ontoclasm_vaults_ring_large, v_misc_31, v_misc_33,
          minmay_crypt_entry_simple_sparse, nicolae_vaults_little_squares_4,
          layout_vaults_quadrants, mu_enter_wizlab_1
Vaults:4: grunt_vaults_bifocal, nicolae_vaults_theta, hangedman_vaults_cutoff,
          ontoclasm_vaults_fire_temple, nicolae_vaults_little_squares_3,
          vaults_dpeg_diagonal, nicolae_vaults_triangles, v_misc_4,
          vaults_mumra_minichess_inversion, vaults_room_door_ring, v_misc_2,
          hangedman_vaults_pinch, vaults_room_hallway, layout_vaults_big_cross,
          serial_shops, nicolae_shop_stone, uniq_jory, uniq_boris
Vaults:5: serial_shops
Depths:1: layout_cave_pools, grunt_hell_entry_dis_old, nicolae_benzene_ring,
          st_stairs_10, serial_bayou_shore_a
Depths:2: hangedman_slaughterboxes, abyss_entry, hell_entry, serial_shops
Depths:3: minmay_glassy_protrusions, layout_cave_pools, enter_ziggurat_c,
          skrybe_limestone_x, grunt_metal_band, pan_entry, serial_bayou_shore_b
Depths:4: minmay_nested_s, layout_gridville, ebering_ghost_inner_flame,
          hell_entry, abyss_entry_flame_altar, lemuel_flames_and_gold,
          uniq_mennas
Depths:5: grunt_zot_entry_gee_three, layout_cave_shapes, hell_entry,
          grunt_pan_entry_in_and_out, abyss_entry, minmay_crystal_room
Zot:1:    layout_misc_corridors, grunt_megastairs_5
Zot:2:    layout_basic
Zot:3:    lemuel_acid_trip, layout_onion_interference
Zot:4:    kennysheep_ambush_hall, layout_concentric_octagons
Zot:5:    layout_gridlike, grunt_ministairs_4, st_stairs_12

Skill      XL: |  1  2  3  4  5  6  7  8  9 10 11 12 13 14 15 16 17 18 19 20 21 22 23 24 25 26 27 |
---------------+----------------------------------------------------------------------------------+-----
Axes           | 4 5 6 7 10 11 13 16 18 19 20 21 22 24 25 26 27 | 27.0
Shields        | 1 2 3 4 6 11 14 15 16 18 19 21 22 | 22.0
Dodging        | 3 4 6 7 8 10 12 13 14 16 17 18 20 21 23 | 23.8
Fighting       | 4 7 8 9 11 12 14 16 17 18 19 20 21 22 23 24 25 26 27 | 27.0
Armour         | 4 6 9 12 13 14 16 18 20 21 22 | 22.5
Evocations     | 3 6 8 |  8.0

Action                   |  1- 3 |  4- 6 |  7- 9 | 10-12 | 13-15 | 16-18 | 19-21 | 22-24 | 25-27 || total
-------------------------+-------+-------+-------+-------+-------+-------+-------+-------+-------++-------
Melee: Hand axe          |    58 |   162 |   221 |    97 |       |       |       |       |       ||   538
       Headbutt          |    12 |    23 |    33 |   141 |   305 |   343 |   406 |   428 |   317 ||  2008
       Broad axe         |       |       |       |   416 |   991 |  1116 |  1068 |  1140 |   836 ||  5567
Throw: Throwing net      |       |       |     2 |     2 |       |       |       |       |       ||     4
Invok: Berserk           |       |     2 |     5 |     2 |     3 |       |     1 |       |       ||    13
       Trog's Hand       |       |       |       |       |       |     2 |     3 |     2 |     4 ||    11
       Brothers in Arms  |       |       |       |       |       |       |       |     2 |     2 ||     4
Evoke: Wand              |       |       |     2 |       |     9 |     7 |       |       |     1 ||    19
  Use: Scroll            |       |     2 |    16 |     6 |     7 |    14 |     8 |    11 |     8 ||    72
       Potion            |       |       |       |       |     2 |    13 |     2 |       |    10 ||    27
 Stab: Held in net/web   |       |       |       |     3 |       |       |       |       |       ||     3
       Distracted        |       |       |       |       |       |       |       |     3 |     1 ||     4
  Eat: Chunk             |     1 |    12 |    12 |    25 |    35 |    15 |    21 |    16 |     1 ||   138
       Ration            |       |       |     1 |     1 |     2 |     5 |     3 |     4 |    10 ||    26
Armor: Leather armour    |     9 |    22 |       |       |       |       |       |       |       ||    31
       Ring mail         |       |     6 |    23 |       |       |       |       |       |       ||    29
       Chain mail        |       |       |    14 |       |       |       |       |       |       ||    14
       Scale mail        |       |       |     5 |   108 |   167 |       |       |       |       ||   280
       Plate armour      |       |       |       |       |    38 |   303 |   230 |   317 |   231 ||  1119
Dodge: Dodged            |    41 |    75 |    80 |   204 |   296 |   374 |   308 |   551 |   412 ||  2341
Block: Buckler           |     5 |    32 |    52 |   243 |   333 |       |       |       |       ||   665
       Reflection        |       |       |       |    10 |    15 |   156 |    74 |    77 |    23 ||   355
       Kite shield       |       |       |       |       |   180 |  1008 |   787 |  1054 |   757 ||  3786
